Map: Blueshift LE

Players

TerranOP

  • Race: Protoss Protoss
  • League: Platinum
  • Spawn Location: 7:00

ViBE - Winner!

  • Race: Protoss Protoss
  • League: Platinum
  • Spawn Location: 1:00

VOD

Have the link to the VOD?

Description

Time

  • Played on: Nov. 28, 2018, 9:44 p.m.
  • Length: 12:46
Show
View Real Time Build Order
Export as new Build Order

TerranOP Protoss 

Build Orders: Chargelot Immortal 

Get SALT Encoding   

  1  0:00  Probe  
  12  0:05  Probe  
  14  0:18  Pylon  
  14  0:20  Probe  
  15  0:36  Gateway  
  15  0:37  Probe  
  16  0:49  Probe  
  17  0:50  Assimilator  
  17  1:01  Probe  
  18  1:08  Assimilator  
  18  1:13  Probe  
  20  1:25  Probe  
  20  1:29  Pylon  
  20  1:32  Cybernetics Core  
  20  1:35  Gateway  
  20  1:37  Probe  
  21  1:51  Probe  
  22  2:03  Probe  
  23  2:09  Stalker  
  23  2:14  Warp Gate  
  25  2:20  Probe  
  25  2:22  Stalker  
  28  2:41  Sentry, Nexus  
  30  2:51  Probe  
  31  3:01  Pylon  
  31  3:06  Robotics Facility  
  27  3:29  Stalker x2  
  31  3:36  Probe  
  32  3:55  Twilight Council  
  32  3:57  Observer  
  33  4:05  Probe  
  34  4:13  Probe  
  34  4:14  Assimilator  
  34  4:16  Stalker  
  36  4:18  Stalker  
  36  4:23  Probe  
  39  4:24  Probe  
  41  4:32  Probe  
  41  4:36  Probe  
  43  4:40  Probe  
  43  4:45  Warp Prism  
  46  4:47  Sentry  
  48  4:53  Probe  
  48  4:55  Sentry  
  48  4:59  Probe  
  52  5:05  Probe  
  52  5:06  Charge  
  53  5:11  Probe  
  54  5:14  Pylon  
  53  5:32  Pylon  
  53  5:34  Pylon  
  53  5:35  Immortal  
  57  5:43  Probe x2  
  57  5:49  Stalker  
  61  5:51  Stalker  
  63  6:01  Probe x2  
  65  6:05  Assimilator  
  65  6:13  Probe x2, Forge  
  65  6:16  Gateway  
  65  6:17  Gateway  
  67  6:23  Observer  
  67  6:24  Zealot x2  
  72  6:32  Probe  
  73  6:44  Zealot x2  
  77  6:55  Pylon  
  77  6:57  Pylon  
  77  7:03  Immortal, Protoss Ground Weapons Level 1  
  77  7:04  Probe  
  78  7:13  Probe  
  83  7:23  Zealot  
  83  7:24  Zealot x3  
  79  7:43  Immortal  
  77  7:49  Zealot x2  
  77  7:50  Zealot x2  
  69  8:18  Zealot x2  
  69  8:19  Zealot x2  
  67  8:28  Probe x2  
  67  8:32  Gateway x2  
  59  8:43  Zealot x3  
  59  8:44  Zealot, Protoss Ground Armor Level 1  
  58  8:58  Probe x2  
  60  9:06  Blink  
  60  9:08  Immortal  
  64  9:11  Nexus  
  64  9:12  Pylon  
  64  9:15  Pylon  
  64  9:23  Sentry x2  
  64  9:24  Stalker x2  
  72  9:33  Templar Archives  
  72  9:38  Zealot x2  
  76  9:51  Observer  
  77  9:55  Zealot x4  
  85  10:01  Probe x2  
  87  10:08  Forge  
  87  10:10  Sentry  
  87  10:12  Zealot  
  87  10:13  Probe x2  
  93  10:17  High Templar x2  
  93  10:18  High Templar  
  93  10:20  High Templar  
  101  10:22  Archon  
  101  10:24  Archon  
  101  10:27  Probe x3  
  104  10:35  High Templar x2  
  108  10:39  Immortal  
  108  10:41  Archon  
  112  10:43  Probe  
  112  10:46  Probe  
  114  10:51  Probe, High Templar x2  
  114  10:55  High Templar  
  121  10:57  Archon  
  121  10:59  High Templar  
  121  11:03  Probe x2  
  125  11:07  Pylon  
  125  11:12  Archon  
  125  11:22  Pylon  
  125  11:24  Pylon  
  125  11:26  Probe, Pylon  
  125  11:28  Pylon  
  126  11:33  Assimilator  
  126  11:35  Assimilator  
  126  11:38  Zealot x2  
  126  11:39  Zealot  
  82  12:04  Zealot x6  
  85  12:11  Probe x3  
  88  12:32  Zealot x2  
  88  12:33  Zealot x4  
Show
View Real Time Build Order
Export as new Build Order

ViBE Protoss - Winner!

Build Orders: Colossus Rush 

Get SALT Encoding   

  12  0:01  Probe  
  13  0:13  Probe  
  14  0:19  Pylon  
  14  0:26  Probe  
  15  0:38  Probe  
  16  0:43  Gateway  
  16  0:46  Probe, Assimilator  
  16  0:54  Probe  
  18  1:04  Probe  
  18  1:07  Pylon  
  19  1:12  Probe  
  20  1:20  Probe  
  20  1:25  Assimilator  
  21  1:29  Gateway  
  21  1:35  Cybernetics Core  
  21  1:38  Probe  
  22  1:52  Probe  
  23  2:04  Probe  
  24  2:13  Adept x2  
  28  2:30  Warp Gate, Nexus  
  28  2:39  Pylon  
  28  2:40  Probe  
  29  2:49  Probe  
  29  2:57  Probe  
  30  2:58  Stalker  
  30  2:59  Sentry  
  35  3:06  Probe  
  36  3:18  Probe  
  35  3:29  Probe  
  36  3:34  Stalker  
  36  3:37  Probe  
  39  3:41  Stalker  
  39  3:45  Probe  
  41  3:51  Probe  
  41  3:52  Pylon, Robotics Facility  
  43  3:59  Probe  
  43  4:09  Probe  
  44  4:10  Probe  
  44  4:13  Assimilator  
  44  4:16  Assimilator, Pylon  
  46  4:19  Stalker x2  
  46  4:21  Probe  
  46  4:23  Pylon  
  50  4:26  Probe  
  50  4:30  Probe  
  53  4:45  Robotics Bay  
  53  4:46  Probe x2  
  53  4:48  Stalker x2  
  59  4:55  Pylon  
  59  4:56  Observer  
  60  5:05  Probe x2  
  62  5:14  Stalker x2  
  62  5:17  Probe x2  
  68  5:24  Nexus  
  68  5:26  Probe x2  
  68  5:27  Pylon  
  68  5:35  Probe x2  
  72  5:43  Colossus  
  78  5:51  Probe x2  
  78  5:55  Pylon  
  80  5:58  Pylon  
  80  6:00  Extended Thermal Lance  
  80  6:10  Probe x2  
  82  6:12  Stalker x2  
  82  6:15  Pylon  
  86  6:22  Probe x2  
  88  6:25  Pylon  
  88  6:31  Forge  
  88  6:33  Twilight Council  
  88  6:34  Probe x2  
  88  6:38  Probe  
  91  6:43  Assimilator x2  
  91  6:46  Probe  
  92  6:48  Colossus  
  92  6:51  Probe x2  
  100  6:57  Stalker x2  
  104  7:04  Gateway  
  104  7:06  Gateway  
  104  7:09  Gateway  
  104  7:12  Gateway  
  104  7:13  Probe  
  104  7:14  Probe  
  104  7:15  Probe  
  107  7:28  Stalker x2  
  83  7:47  Probe  
  83  7:48  Probe x2, Protoss Ground Weapons Level 1  
  83  7:49  Charge  
  84  7:51  Stalker x2  
  82  8:06  Stalker x4  
  82  8:10  Probe x2  
  82  8:11  Probe  
  76  8:23  Probe x3  
  76  8:24  Stalker  
  76  8:25  Stalker  
  80  8:33  Zealot x4  
  83  8:39  Probe x2  
  83  8:40  Probe  
  76  8:47  Templar Archives  
  74  8:50  Probe x3  
  74  8:55  Nexus  
  75  8:58  Probe x2  
  75  8:59  Probe  
  76  9:06  Probe  
  76  9:07  Probe x2  
  78  9:13  Protoss Ground Weapons Level 2  
  81  9:17  Pylon  
  81  9:18  Probe x2  
  81  9:21  Pylon  
  83  9:29  High Templar x6  
  95  9:33  Probe x3  
  95  9:34  Archon  
  95  9:35  Archon x2  
  99  9:45  Probe  
  99  9:46  Gateway  
  99  9:50  Gateway  
  99  9:52  Gateway  
  99  9:53  Gateway  
  99  9:55  Assimilator  
  99  9:58  Assimilator  
  99  10:01  High Templar x5  
  99  10:02  High Templar  
  99  10:05  Archon x3  
  111  10:09  Probe x4  
  115  10:21  Pylon  
  115  10:24  Gateway  
  115  10:26  Gateway  
  115  10:27  Probe x2  
  115  10:28  Probe x2, Gateway x2  
  119  10:36  High Templar  
  119  10:37  High Templar x3  
  119  10:38  High Templar  
  119  10:39  Probe, High Templar  
  119  10:40  Probe x2, Archon  
  119  10:41  Archon  
  134  10:42  Archon  
  134  10:48  Zealot x4  
  142  10:54  Pylon  
  142  10:57  Pylon  
  142  11:01  Pylon  
  142  11:16  High Templar x2  
  142  11:17  High Templar x2  
  142  11:18  Zealot x7  
  160  11:20  Archon  
  160  11:22  Archon  
  164  11:35  Zealot x3  
  164  11:39  Zealot  
  172  11:40  Zealot x6  
  184  11:53  Zealot x4  
  176  11:55  Zealot x3  
  168  12:01  High Templar x6  
  168  12:02  High Templar  
  182  12:13  High Templar  
  182  12:16  Archon x3  
  182  12:18  Archon  
  182  12:19  Zealot x6  
  192  12:42  Photon Cannon  
  192  12:44  Shield Battery  
Tags
 
Add a new tag
Caveats
  • Supply blocks, unpowered buildings, or Contaminate may cause inaccurate times.
  • Supply counts are checked every 10 seconds.